[Event "Titled Tuesday Blitz May 11 2021"]
[White "Dang, Hoang Son"]
[Black "Ozen, Bahadir"]
[WhiteFideId "12402435"]
[BlackFideId "6337058"]
[WhiteElo "2248"]
[BlackElo "2503"]
[Result "0-1"]
[Round "11"]
[TimeControl "180+1"]
[Date "2021.05.11"]
[WhiteClock "0:00:09"]
[BlackClock "0:00:14"]

1. d4 Nf6 2. c4 e6 3. Nf3 d5 4. g3 Bb4+ 5. Bd2 Be7 6. Bg2 O-O 7. O-O c6 8. Qc2 Nbd7 9. Nc3 b6 10. e4 dxe4 11. Nxe4 Nxe4 12. Qxe4 Bb7 13. Bc3 Nf6 14. Qe3 c5 15. Rfd1 Qc7 16. d5 exd5 17. cxd5 Nxd5 18. Rxd5 Bxd5 19. Nh4 Be6 20. Bxa8 Rxa8 21. Re1 Bf8 22. Nf3 Re8 23. Ng5 Bd7 24. Qd3 Rxe1+ 25. Bxe1 g6 26. Bc3 Bf5 27. Qd5 h6 28. Nf3 Bg7 29. Bxg7 Kxg7 30. Kg2 Qd7 31. Qe5+ f6 32. Qf4 g5 33. Qe3 Bh3+ 34. Kg1 Qd1+ 35. Ne1 Kf7 36. f3 Be6 37. a3 a5 38. g4 a4 39. Kg2 Qd5 40. Nd3 Bxg4 41. Nf2 Bf5 42. Kg1 h5 43. Qe2 h4 44. Nd1 Qd4+ 45. Ne3 Bd3 46. Qf2 Bb5 47. Kg2 Bd7 48. Qe2 h3+ 49. Kf2 Be6 50. Ke1 f5 51. Nf1 Bc4 52. Qc2 Kf6 53. Ng3 Qe3+ 54. Kd1 Qg1+ 55. Kd2 Qxh2+ 56. Kc3 Qxc2+ 57. Kxc2 h2 58. Kd2 f4 0-1


[Site "https://www.chess.com"]

[Event "Titled Tuesday Blitz May 11 2021"]
[White "Debashis, Das"]
[Black "Costachi, Mihnea"]
[WhiteFideId "5024854"]
[BlackFideId "1217518"]
[WhiteElo "2470"]
[BlackElo "2479"]
[Result "1-0"]
[Round "11"]
[TimeControl "180+1"]
[Date "2021.05.11"]
[WhiteClock "0:00:09"]
[BlackClock "0:00:18"]

1. e4 e5 2. Nf3 Nc6 3. Bb5 a6 4. Ba4 d6 5. O-O Bd7 6. c3 g6 7. d4 Bg7 8. Be3 Nf6 9. Nbd2 O-O 10. h3 Re8 11. Bc2 exd4 12. cxd4 Qe7 13. a3 Qf8 14. Re1 Nh5 15. Rc1 Bh6 16. Bb3 Bxe3 17. Rxe3 Rac8 18. Ba4 b5 19. Bb3 Nf4 20. Rec3 Na5 21. Rxc7 Nxb3 22. Nxb3 Rxe4 23. Rxd7 Ne2+ 24. Kh2 Nxc1 25. Nxc1 Qe8 26. Ra7 Qc6 27. Nd3 Qb6 28. Rxf7 Kxf7 29. Ng5+ Kg7 30. Nxe4 Qxd4 31. f3 d5 32. Nef2 Qe3 33. Qb3 Rc4 34. Qd1 h5 35. Kg1 a5 36. Kf1 b4 37. axb4 axb4 38. Qe2 Qxe2+ 39. Kxe2 Kf6 40. Kd2 b3 41. Ne1 Ke5 42. Nfd3+ Kd4 43. Nc1 Rb4 44. Ned3 Rb6 45. Ne2+ Kc4 46. Ne5+ Kb4 47. h4 Re6 48. Nd3+ Kc4 49. Nef4 Ra6 50. Nxg6 Kd4 51. Ngf4 Ra1 52. Nxh5 Rh1 53. Ng3 Rh2 54. Ne2+ Kc4 55. g4 Rxh4 56. g5 Rh2 57. g6 Rg2 58. Ne5+ Kc5 59. Ke3 Kd6 60. f4 Ke6 61. Nd4+ Kf6 62. Nxb3 Rxb2 63. Nd4 Ra2 64. Ndf3 Ra3+ 65. Kf2 Ra7 66. Nh2 Kf5 67. Kg3 d4 68. Nhf3 d3 69. Nd4+ Ke4 70. Nxd3 Kxd4 71. Ne5 Ke4 72. Kg4 Ra1 73. Kg5 Rg1+ 74. Ng4 Ra1 75. f5 Ra8 76. f6 Kd5 77. f7 Ke6 78. Nh6 Ra5+ 79. Kf4 Ra4+ 80. Ke3 Ra3+ 81. Kd2 Ke7 82. g7 Ra2+ 83. Kc3 Ra3+ 84. Kb2 Rf3 85. g8=Q Rf2+ 86. Kc3 Rf3+ 87. Kd2 Rf2+ 88. Ke3 Rf6 89. Qe8+ Kd6 90. f8=Q+ Rxf8 91. Qxf8+ Ke6 92. Qf7+ Ke5 93. Kf3 Kd4 94. Ng8 Ke5 95. Kg4 Kd4 96. Qe6 Kd3 97. Ne7 Kd2 98. Kf4 Kd1 99. Qe3 Kc2 100. Ke4 Kd1 101. Kd4 Kc2 102. Qd3+ Kb2 103. Qc3+ Ka2 104. Qb4 Ka1 105. Kc3 Ka2 106. Qb2# 1-0


[Site "https://www.chess.com"]

[Event "Titled Tuesday Blitz May 11 2021"]
[White "Demin, Vladimir"]
[Black "Narayanan.S.L"]
[WhiteFideId "4167457"]
[BlackFideId "5058422"]
[WhiteElo "2552"]
[BlackElo "2617"]
[Result "0-1"]
[Round "11"]
[TimeControl "180+1"]
[Date "2021.05.11"]
[WhiteClock "0:00:11"]
[BlackClock "0:00:48"]

1. e4 Nc6 2. Nf3 e5 3. Bb5 a6 4. Bxc6 dxc6 5. O-O Bd6 6. d4 exd4 7. Qxd4 f6 8. Re1 Be6 9. Nc3 Ne7 10. e5 fxe5 11. Nxe5 O-O 12. Bg5 Nf5 13. Qd2 Qe8 14. Nd3 Qf7 15. Bf4 Rad8 16. Bxd6 cxd6 17. Qf4 h6 18. Re2 Bc4 19. Rae1 Bxd3 20. cxd3 c5 21. Re6 Qd7 22. Qe4 d5 23. Qe5 b5 24. Ne2 Qf7 25. Nf4 Nd4 26. Re7 Qf6 27. Qxf6 Rxf6 28. Ne6 Nf5 29. Nxd8 Nxe7 30. Rxe7 c4 31. dxc4 dxc4 32. Ne6 b4 33. Nd4 Rd6 34. Nf3 c3 35. bxc3 bxc3 36. Ne1 Rd1 37. Kf1 c2 38. Re8+ Kf7 39. Rc8 c1=Q 40. Rxc1 Rxc1 41. Ke2 Ra1 0-1


[Site "https://www.chess.com"]

[Event "Titled Tuesday Blitz May 11 2021"]
[White "Diaz Camallonga, Carles"]
[Black "Shahaliyev, Ismayil"]
[WhiteFideId "22235256"]
[BlackFideId "13406388"]
[WhiteElo "2438"]
[BlackElo "2105"]
[Result "1-0"]
[Round "11"]
[TimeControl "180+1"]
[Date "2021.05.11"]
[WhiteClock "0:01:02"]
[BlackClock "0:00:13"]

1. e4 d6 2. d4 Nf6 3. Nc3 e5 4. Nf3 exd4 5. Nxd4 Be7 6. g3 d5 7. e5 Ng4 8. e6 Nf6 9. exf7+ Kxf7 10. Bg2 c6 11. O-O Re8 12. Re1 Bg4 13. Qd3 Nbd7 14. Bf4 Nc5 15. Qd2 Qd7 16. Nf3 Bxf3 17. Bxf3 Bd6 18. Bg5 Qf5 19. Bg2 Rxe1+ 20. Rxe1 Re8 21. Rxe8 Kxe8 22. Be3 a6 23. Ne2 Nce4 24. Qd3 Qe6 25. Nd4 Qd7 26. f3 Nc5 27. Qd2 Ne6 28. Bh3 Qe7 29. Nxe6 c5 30. Bf4 d4 31. Bxd6 Qxd6 32. Nxg7+ Kf7 33. Nf5 Qe5 34. Kf2 c4 35. Qxd4 1-0


[Site "https://www.chess.com"]

[Event "Titled Tuesday Blitz May 11 2021"]
[White "Fernandez, Daniel Howard"]
[Black "Triapishko, Alexandr"]
[WhiteFideId "5801605"]
[BlackFideId "14122286"]
[WhiteElo "2468"]
[BlackElo "2490"]
[Result "0-1"]
[Round "11"]
[TimeControl "180+1"]
[Date "2021.05.11"]
[WhiteClock "0:02:17"]
[BlackClock "0:01:01"]

1. c4 c5 2. Nc3 Nc6 3. Nf3 g6 4. e3 Nf6 5. d4 cxd4 6. exd4 d5 7. cxd5 Nxd5 8. Qb3 Nxc3 9. bxc3 Bg7 10. Be2 O-O 11. O-O b6 12. Ba3 Bb7 13. Rfe1 Rc8 14. Bb5 Rc7 15. Rad1 Na5 16. Qa4 Bxf3 17. gxf3 Bf6 18. d5 Nb7 19. Qxa7 Bxc3 20. Re2 Ba5 21. Qa6 Nc5 22. Bxc5 Rxc5 23. Bc6 Rxc6 0-1


[Site "https://www.chess.com"]

[Event "Titled Tuesday Blitz May 11 2021"]
[White "Gabrielian, Artur"]
[Black "Weetik, Vjacheslav"]
[WhiteFideId "4131002"]
[BlackFideId "4153472"]
[WhiteElo "2539"]
[BlackElo "2469"]
[Result "0-1"]
[Round "11"]
[TimeControl "180+1"]
[Date "2021.05.11"]
[WhiteClock "0:00:11"]
[BlackClock "0:00:07"]

1. d4 Nf6 2. c4 g6 3. Nc3 Bg7 4. Nf3 O-O 5. g3 d6 6. Bg2 Nc6 7. O-O a6 8. Bf4 Rb8 9. Rc1 e6 10. Qd2 Ne7 11. e4 Nd7 12. Bh6 b5 13. Bxg7 Kxg7 14. cxb5 axb5 15. e5 Bb7 16. exd6 cxd6 17. Rfe1 Nf6 18. a3 b4 19. axb4 Bxf3 20. Bxf3 Rxb4 21. Ne4 Nfd5 22. Nc3 Nf6 23. Ne4 Qb6 24. Nxf6 Kxf6 25. Qh6 Re8 26. g4 Ng8 27. Qxh7 Rxd4 28. Rc6 Qb4 29. Re3 Rxg4+ 30. Bxg4 Qxg4+ 31. Kf1 Qd1+ 32. Re1 Qd5 33. Qh4+ Kg7 34. Qe4 Qb5+ 35. Qc4 Qxb2 36. Rxd6 Nf6 37. Qd4 Qb5+ 38. Kg2 Qg5+ 39. Kh1 Rh8 40. Re3 Qf5 41. Kg2 Rh5 42. Rg3 e5 43. Qd3 Ne4 44. Rf3 Qg4+ 45. Kf1 Nxd6 46. h3 Qe6 47. Kg2 e4 48. Qd4+ Qe5 0-1


[Site "https://www.chess.com"]

[Event "Titled Tuesday Blitz May 11 2021"]
[White "Gokerkan, Cem Kaan"]
[Black "Praggnanandhaa R"]
[WhiteFideId "6336760"]
[BlackFideId "25059530"]
[WhiteElo "2361"]
[BlackElo "2555"]
[Result "1/2-1/2"]
[Round "11"]
[TimeControl "180+1"]
[Date "2021.05.11"]
[WhiteClock "0:00:10"]
[BlackClock "0:00:09"]

1. e4 c5 2. c3 Nf6 3. e5 Nd5 4. d4 cxd4 5. Qxd4 e6 6. Nf3 Nc6 7. Qe4 f5 8. Qe2 b5 9. g3 a5 10. Bg2 Ba6 11. O-O Bc5 12. Bg5 Qb6 13. Nbd2 h6 14. Bf4 g5 15. Be3 Bxe3 16. fxe3 Qxe3+ 17. Qf2 O-O 18. Rfe1 Qxf2+ 19. Kxf2 Rac8 20. Rac1 f4 21. g4 Ne3 22. h3 Ne7 23. Ne4 N7d5 24. Nd4 Nc4 25. Nd6 Nxd6 26. exd6 Ne3 27. Bf1 Rc5 28. b4 axb4 29. cxb4 Rd5 30. Nb3 Rxd6 31. Nc5 Ra8 32. a4 bxa4 33. Bxa6 Raxa6 34. Nxa6 Rxa6 35. Rc7 a3 36. b5 Rb6 37. Ra1 Kf7 38. Rxd7+ Kf6 39. Rxa3 Rxb5 40. Raa7 Ke5 41. Rdb7 Rd5 42. Rd7 Ke4 43. Rxd5 Nxd5 44. Rh7 e5 45. Rxh6 Kd4 46. h4 gxh4 47. Rxh4 e4 48. g5 Ke5 49. g6 Kf6 50. Rg4 Kg7 51. Rg5 Nc3 52. Rc5 e3+ 53. Kf3 e2 54. Re5 Kxg6 55. Kxf4 Kf6 56. Re8 Kf7 57. Re5 Kf6 58. Re8 Kf7 59. Re5 Kg6 60. Kf3 Kf6 61. Re8 Kf5 62. Kf2 Kf4 63. Rc8 Ne4+ 64. Kxe2 Nf6 65. Rf8 Ke5 66. Ra8 Nd5 67. Kd3 Ne7 68. Ra5+ Kd6 69. Ke4 Nc6 70. Ra1 Kc5 71. Rc1+ Kd6 72. Rh1 Kc5 73. Rh6 Ne7 74. Rh5+ Kd6 75. Rh6+ Kc5 76. Re6 Nc6 77. Rf6 Nd8 78. Rf1 Nc6 79. Rd1 Nb4 80. Rc1+ Kd6 81. Kd4 Nc6+ 82. Ke4 Ne7 83. Rd1+ Kc5 84. Rd7 Nc6 85. Rd5+ Kc4 86. Rh5 Nb4 87. Rh4 Kc5 88. Rh5+ Kc4 89. Rh1 Kc5 90. Rb1 Nc6 91. Rc1+ Kd6 92. Ra1 Kc5 93. Rb1 Kd6 94. Rb5 Ne7 95. Ra5 Nc6 96. Rd5+ Ke6 97. Rh5 Kd6 98. Rh6+ Kc5 99. Kd3 Kd5 100. Rh5+ Kd6 101. Kc4 Ne5+ 102. Kd4 Nc6+ 103. Ke4 Ne7 104. Rh6+ Kc5 1/2-1/2


[Site "https://www.chess.com"]

[Event "Titled Tuesday Blitz May 11 2021"]
[White "Holt, Conrad"]
[Black "Dubov, Daniil"]
[WhiteFideId "2034387"]
[BlackFideId "24126055"]
[WhiteElo "2586"]
[BlackElo "2722"]
[Result "0-1"]
[Round "11"]
[TimeControl "180+1"]
[Date "2021.05.11"]
[WhiteClock "0:00:01"]
[BlackClock "0:00:35"]

1. d4 Nf6 2. c4 g6 3. Nc3 d5 4. e3 Bg7 5. Qb3 dxc4 6. Bxc4 O-O 7. Nf3 c5 8. d5 Ne8 9. O-O a6 10. e4 b5 11. Be2 Bg4 12. a4 b4 13. Nd1 Nd6 14. Ne3 Bxf3 15. gxf3 Nd7 16. Kh1 a5 17. Rg1 Bd4 18. Rg2 Rc8 19. Nc4 Ne5 20. Nxe5 Bxe5 21. f4 c4 22. Qh3 Bg7 23. e5 Nf5 24. Bg4 Kh8 25. Bxf5 gxf5 26. Qf3 c3 27. bxc3 Rxc3 28. Be3 b3 29. Rag1 Rg8 30. e6 fxe6 31. Bd4 Rxf3 32. Rxg7 Rxg7 33. Bxg7+ Kg8 34. dxe6 Qd5 0-1


[Site "https://www.chess.com"]

[Event "Titled Tuesday Blitz May 11 2021"]
[White "Indjic, Aleksandar"]
[Black "Zhigalko, Sergei"]
[WhiteFideId "911925"]
[BlackFideId "13502956"]
[WhiteElo "2643"]
[BlackElo "2662"]
[Result "1-0"]
[Round "11"]
[TimeControl "180+1"]
[Date "2021.05.11"]
[WhiteClock "0:00:50"]
[BlackClock "0:00:02"]

1. d4 Nf6 2. c4 e6 3. Nf3 b6 4. a3 Bb7 5. Nc3 d5 6. cxd5 Nxd5 7. Qc2 Be7 8. e3 O-O 9. Bd3 h6 10. Nxd5 Bxd5 11. e4 Bb7 12. Be3 Nd7 13. O-O c5 14. Rfd1 Rc8 15. Qe2 Qc7 16. Rac1 Qb8 17. d5 exd5 18. exd5 Rfe8 19. Bb5 Rcd8 20. Qc4 Qd6 21. Bf4 Qf6 22. Bc7 Bd6 23. Bxd8 Rxd8 24. Bc6 Bc8 25. Re1 Qxb2 26. a4 Nf8 27. Rc2 Qf6 28. Rce2 Bd7 29. Bxd7 Rxd7 30. Re8 Kh7 31. Qg4 Rc7 32. Nd2 Qd4 33. Ne4 Ng6 34. Ng5+ hxg5 35. Qh5# 1-0


[Site "https://www.chess.com"]

[Event "Titled Tuesday Blitz May 11 2021"]
[White "Jobava, Baadur"]
[Black "Oparin, Grigoriy"]
[WhiteFideId "13601520"]
[BlackFideId "24125890"]
[WhiteElo "2748"]
[BlackElo "2628"]
[Result "0-1"]
[Round "11"]
[TimeControl "180+1"]
[Date "2021.05.11"]
[WhiteClock "0:00:02"]
[BlackClock "0:00:14"]

1. e4 c5 2. d4 cxd4 3. c3 Nf6 4. e5 Nd5 5. Qxd4 e6 6. Nf3 Nc6 7. Qg4 f5 8. Qg3 d6 9. Bb5 Qb6 10. Bxc6+ Qxc6 11. O-O Bd7 12. Re1 O-O-O 13. Na3 h6 14. Nd4 Qa6 15. c4 Nb4 16. Bd2 Nc6 17. Nxc6 Bxc6 18. exd6 Bxd6 19. Bf4 Bxa3 20. bxa3 g5 21. Be5 Rh7 22. Qc3 Rhd7 23. Bf6 Rd3 24. Qe5 Re8 25. h4 Qxc4 26. Rac1 Qd5 27. Qxd5 Rxd5 28. hxg5 hxg5 29. Bxg5 e5 30. Be3 Rg8 31. f3 a6 32. Rc2 Kd7 33. Kf2 f4 34. Bc1 Rg5 35. Rd2 Rxd2+ 36. Bxd2 Bd5 37. a4 Bxa2 38. a5 Bd5 39. Bc3 Kd6 40. Bb4+ Ke6 41. Bc3 Bc6 42. Bd2 Kf6 43. Bc3 Rh5 44. Bb2 Ke6 45. Bc3 Kd6 46. Bb2 e4 47. fxe4 Rxa5 48. Kf3 Rg5 49. Re2 Rg3+ 50. Kxf4 Rb3 51. g4 Ke6 52. g5 Be8 53. Rh2 Bg6 54. Rh6 Kf7 55. Bf6 Rb4 56. Ke5 Rxe4+ 57. Kd6 Rc4 58. Rh8 Rc6+ 59. Kd5 Bf5 60. Rb8 Be6+ 61. Ke5 b5 62. Rb7+ Kg6 63. Rg7+ Kh5 64. Rh7+ Kg4 65. g6 Ba2 66. g7 Re6+ 67. Kd4 Rxf6 68. Rh1 Rg6 69. Ra1 Bc4 70. Kc5 Kg5 71. Kb4 Rxg7 0-1


[Site "https://www.chess.com"]

[Event "Titled Tuesday Blitz May 11 2021"]
[White "Kacharava, Nikolozi"]
[Black "Timmermans, Mark"]
[WhiteFideId "13611860"]
[BlackFideId "1026399"]
[WhiteElo "2149"]
[BlackElo "2460"]
[Result "0-1"]
[Round "11"]
[TimeControl "180+1"]
[Date "2021.05.11"]
[WhiteClock "0:00:32"]
[BlackClock "0:01:25"]

1. e4 e5 2. Nf3 Nc6 3. d4 exd4 4. Nxd4 Nf6 5. Nxc6 bxc6 6. e5 Qe7 7. Qe2 Nd5 8. h4 f6 9. Rh3 fxe5 10. c4 Nb6 11. Bg5 Qe6 12. Re3 Bb4+ 13. Nc3 d6 14. f4 O-O 15. fxe5 d5 16. cxd5 Nxd5 17. Rg3 a5 18. a3 Ba6 19. Bf6 Rxf6 20. Rxg7+ Kh8 21. Rxh7+ Kxh7 22. Qe4+ Qf5 23. Qxf5+ Rxf5 24. Bxa6 Bxc3+ 25. bxc3 Rxa6 26. c4 Rxe5+ 27. Kd2 Nf6 28. Rf1 Kg6 29. Rf4 Re4 30. Rf3 Rxh4 31. Rg3+ Rg4 32. Rd3 Rxg2+ 33. Kc1 c5 34. a4 Re6 35. Kd1 Rd6 36. Ke1 Rxd3 37. Kf1 Ra2 38. Ke1 Rb3 39. Kd1 Rb1# 0-1


[Site "https://www.chess.com"]

[Event "Titled Tuesday Blitz May 11 2021"]
[White "Keymer, Vincent"]
[Black "Kazakouski, Valery"]
[WhiteFideId "12940690"]
[BlackFideId "13507443"]
[WhiteElo "2474"]
[BlackElo "2546"]
[Result "0-1"]
[Round "11"]
[TimeControl "180+1"]
[Date "2021.05.11"]
[WhiteClock "0:00:08"]
[BlackClock "0:00:22"]

1. Nf3 Nf6 2. c4 e6 3. Nc3 d5 4. e3 b6 5. cxd5 exd5 6. g3 Bb7 7. Bg2 Bd6 8. O-O O-O 9. b3 a6 10. Bb2 Nbd7 11. Rc1 Re8 12. Re1 Rc8 13. Re2 Ne5 14. Nxe5 Bxe5 15. d4 Bd6 16. Rec2 h5 17. a4 h4 18. a5 hxg3 19. hxg3 b5 20. Ne2 Ne4 21. Nf4 Qf6 22. Qg4 g6 23. Bxe4 Rxe4 24. Nxd5 Bxd5 25. Qxc8+ Kg7 26. Rc5 Bxc5 27. Rxc5 c6 28. Ba3 Qf3 29. Rxd5 cxd5 30. Bf8+ Kh7 31. Bd6 Re6 32. Be5 Kh6 33. Qd8 g5 34. Qh8+ Kg6 35. Qg8+ Kh5 36. Qh7+ Kg4 37. Kf1 Rc6 0-1


[Site "https://www.chess.com"]

[Event "Titled Tuesday Blitz May 11 2021"]
[White "Le, Tuan Minh"]
[Black "Grandelius, Nils"]
[WhiteFideId "12401153"]
[BlackFideId "1710400"]
[WhiteElo "2450"]
[BlackElo "2651"]
[Result "1-0"]
[Round "11"]
[TimeControl "180+1"]
[Date "2021.05.11"]
[WhiteClock "0:00:27"]
[BlackClock "0:00:08"]

1. d4 Nf6 2. Nf3 g6 3. Bg5 Bg7 4. Nbd2 O-O 5. c3 d6 6. e4 h6 7. Bh4 c5 8. dxc5 dxc5 9. Bc4 Nc6 10. Qe2 Na5 11. Bd3 Nh5 12. Bg3 Be6 13. O-O Qb6 14. Rfb1 Rad8 15. Nf1 Rd7 16. Bb5 Rdd8 17. Ne3 c4 18. Ba4 Qc5 19. Bc2 b5 20. a3 Nc6 21. Rd1 a5 22. Rxd8 Rxd8 23. Rd1 Rxd1+ 24. Qxd1 Nxg3 25. hxg3 b4 26. axb4 axb4 27. Qd2 Qa5 28. Nd5 Qa1+ 29. Bd1 bxc3 30. bxc3 Bxd5 31. Qxd5 Bxc3 32. Kh2 Na5 33. e5 e6 34. Qd8+ Kg7 35. Qf6+ Kg8 36. Bc2 Qb2 37. Bxg6 fxg6 38. Qxg6+ Kf8 39. Qf6+ Ke8 40. Qxe6+ Kd8 41. Qd6+ Kc8 42. e6 Qb5 43. Qf8+ Kc7 44. e7 Bb4 45. e8=Q Qh5+ 1-0


[Site "https://www.chess.com"]

[Event "Titled Tuesday Blitz May 11 2021"]
[White "Lintchevski, Daniil"]
[Black "Dobrov, Vladimir"]
[WhiteFideId "4171055"]
[BlackFideId "4136594"]
[WhiteElo "2505"]
[BlackElo "2614"]
[Result "0-1"]
[Round "11"]
[TimeControl "180+1"]
[Date "2021.05.11"]
[WhiteClock "0:01:24"]
[BlackClock "0:01:37"]

1. e4 c5 2. d4 cxd4 3. Nf3 d6 4. Nxd4 Nf6 5. Nc3 a6 6. h3 e6 7. g4 h6 8. Be3 g5 9. Qe2 Nbd7 10. O-O-O Ne5 11. Kb1 b5 12. f4 gxf4 13. Bxf4 Nfd7 14. Nf3 Qc7 15. Nxe5 Nxe5 16. a3 Bb7 17. Bg2 Bg7 18. Rhf1 Nc4 19. Rf3 Rc8 20. Qf2 O-O 21. g5 h5 22. g6 fxg6 23. Qg3 Rxf4 24. Qxf4 Nxb2 25. Rxd6 Na4 26. e5 Bxf3 0-1


[Site "https://www.chess.com"]

[Event "Titled Tuesday Blitz May 11 2021"]
[White "Martinez Alcantara, Jose Eduardo"]
[Black "Artemiev, Vladislav"]
[WhiteFideId "3805662"]
[BlackFideId "24101605"]
[WhiteElo "2690"]
[BlackElo "2783"]
[Result "1/2-1/2"]
[Round "11"]
[TimeControl "180+1"]
[Date "2021.05.11"]
[WhiteClock "0:00:18"]
[BlackClock "0:00:07"]

1. e4 e5 2. Nf3 Nc6 3. Bb5 a6 4. Ba4 d6 5. c3 Bd7 6. d4 g6 7. Be3 Nf6 8. Nbd2 Ng4 9. Bg5 Be7 10. Bxe7 Qxe7 11. O-O O-O 12. Re1 Rae8 13. Nf1 Nf6 14. Ng3 b5 15. Bb3 Bg4 16. Qd2 Bxf3 17. gxf3 Na5 18. Kh1 Kh8 19. Rg1 c5 20. Rad1 Nxb3 21. axb3 cxd4 22. cxd4 Rd8 23. f4 exf4 24. Qxf4 Nd7 25. Rc1 Qf6 26. Qxf6+ Nxf6 27. Rc6 a5 28. f3 a4 29. b4 Ne8 30. Kg2 Ng7 31. d5 f5 32. Rgc1 fxe4 33. fxe4 Rfe8 34. Rb6 Nh5 35. Nxh5 gxh5 36. Kf3 Rd7 37. Rxb5 Rf7+ 38. Ke3 Rg7 39. Rc6 Rg4 40. Rxd6 Rexe4+ 41. Kd3 Rd4+ 42. Kc3 Rc4+ 43. Kd2 Rgd4+ 44. Ke3 Re4+ 45. Kf2 Rf4+ 46. Kg2 Rg4+ 47. Kf3 Rgf4+ 48. Ke3 Rfe4+ 49. Kd3 Red4+ 50. Ke2 Re4+ 51. Kf1 Rf4+ 52. Kg1 Rg4+ 53. Kf2 Rgf4+ 54. Kg3 Rg4+ 55. Kh3 Rh4+ 56. Kg2 Rhg4+ 57. Kf2 Rgf4+ 1/2-1/2


[Site "https://www.chess.com"]

[Event "Titled Tuesday Blitz May 11 2021"]
[White "Matlakov, Maxim"]
[Black "Aditya Mittal"]
[WhiteFideId "4168003"]
[BlackFideId "35042025"]
[WhiteElo "2760"]
[BlackElo "2171"]
[Result "1/2-1/2"]
[Round "11"]
[TimeControl "180+1"]
[Date "2021.05.11"]
[WhiteClock "0:00:14"]
[BlackClock "0:00:09"]

1. Nf3 d5 2. b3 Nf6 3. Bb2 g6 4. c4 c6 5. g3 Bg7 6. Bg2 O-O 7. O-O Nbd7 8. d4 b5 9. c5 a5 10. Nbd2 h6 11. a3 Ne4 12. b4 a4 13. Nxe4 dxe4 14. Ne5 Nxe5 15. dxe5 Bf5 16. h3 h5 17. Qc2 Qc7 18. Bxe4 Bxh3 19. Rfd1 Be6 20. Qc3 Rad8 21. Qf3 Bg4 22. Qe3 Be6 23. Bc2 Rxd1+ 24. Rxd1 Rd8 25. Rd4 Rxd4 26. Qxd4 Qd7 27. Be4 Qxd4 28. Bxd4 Bd7 29. e3 e6 30. Kg2 Bf8 31. f4 Be7 32. Bf3 Kg7 33. e4 Kh6 34. Be3 Kg7 35. Bd4 Kh6 36. Be2 Bc8 37. Bd3 Bd7 38. Be3 Kg7 39. Kf3 Bd8 40. g4 hxg4+ 41. Kxg4 Be7 42. Bd4 Bd8 43. f5 Kg8 44. Be3 Kg7 45. Bg5 Bxg5 46. Kxg5 gxf5 47. exf5 Be8 48. fxe6 fxe6 49. Be4 Bd7 50. Bg6 Bc8 51. Be8 Bb7 52. Bh5 Bc8 53. Bg6 Bd7 54. Be4 Be8 55. Bf3 Bd7 56. Bg4 Bc8 57. Bd1 Bd7 58. Bc2 Be8 59. Bd3 Bd7 60. Bg6 Bc8 61. Be8 Bb7 62. Bh5 Bc8 63. Bd1 Bd7 64. Bc2 Bc8 65. Bb1 Bd7 66. Ba2 Bc8 67. Bb1 Bd7 68. Bd3 Bc8 69. Bf1 Bd7 70. Bg2 Be8 71. Bf3 Bd7 72. Be4 Be8 73. Bh1 Bd7 74. Bg2 Be8 75. Bh3 Bd7 76. Bg4 Bc8 77. Kh5 Bd7 78. Kg5 1/2-1/2


[Site "https://www.chess.com"]

[Event "Titled Tuesday Blitz May 11 2021"]
[White "Mirzoev, Azer"]
[Black "Sapunov, Evgeny"]
[WhiteFideId "13400304"]
[BlackFideId "4126661"]
[WhiteElo "2525"]
[BlackElo "2470"]
[Result "1-0"]
[Round "11"]
[TimeControl "180+1"]
[Date "2021.05.11"]
[WhiteClock "0:00:19"]
[BlackClock "0:00:34"]

1. d4 Nf6 2. Nf3 g6 3. g3 Bg7 4. Bg2 O-O 5. O-O d6 6. b3 Nbd7 7. Bb2 Re8 8. c4 c6 9. Nc3 e5 10. dxe5 dxe5 11. Ng5 e4 12. Qc2 e3 13. f4 Nc5 14. Rad1 Qe7 15. Ba3 Bf5 16. Qc1 Rac8 17. Na4 b6 18. Nxc5 bxc5 19. Bb2 Ng4 20. Bxg7 Kxg7 21. Qc3+ Kg8 22. Nf3 Nf2 23. Rc1 f6 24. Nh4 Bg4 25. Bf3 Bxf3 26. Nxf3 Rcd8 27. a3 h6 28. b4 Kg7 29. Rb1 Rd7 30. bxc5 Qxc5 31. Qb4 Qxb4 32. axb4 g5 33. fxg5 hxg5 34. b5 cxb5 35. cxb5 Rb7 36. Rfc1 Reb8 37. Nd4 Kg6 38. Kg2 Rd7 39. Nc6 Rb6 40. Kf3 Rd5 41. Ne7+ Kf7 42. Nxd5 1-0


[Site "https://www.chess.com"]

[Event "Titled Tuesday Blitz May 11 2021"]
[White "Nakamura, Hikaru"]
[Black "Hess, Robert"]
[WhiteFideId "2016192"]
[BlackFideId "2022036"]
[WhiteElo "2900"]
[BlackElo "2557"]
[Result "1-0"]
[Round "11"]
[TimeControl "180+1"]
[Date "2021.05.11"]
[WhiteClock "0:02:14"]
[BlackClock "0:00:30"]

1. Nf3 g6 2. e4 Bg7 3. d4 a6 4. Bc4 e6 5. c3 Ne7 6. h4 h6 7. h5 g5 8. Nbd2 b5 9. Bd3 Bb7 10. Nf1 d6 11. Ng3 c5 12. a4 b4 13. Be3 Nbc6 14. O-O bxc3 15. bxc3 cxd4 16. cxd4 Na5 17. Rb1 d5 18. e5 Bc6 19. Nh2 Nc4 20. Ng4 Rc8 21. Bc1 Bd7 22. f4 Nc6 23. fxg5 hxg5 24. Bxc4 dxc4 25. Ne4 1-0


[Site "https://www.chess.com"]

[Event "Titled Tuesday Blitz May 11 2021"]
[White "Nazaretyan, Tigran"]
[Black "Kobalia, Mikhail"]
[WhiteFideId "24162345"]
[BlackFideId "4119150"]
[WhiteElo "2247"]
[BlackElo "2569"]
[Result "1-0"]
[Round "11"]
[TimeControl "180+1"]
[Date "2021.05.11"]
[WhiteClock "0:01:14"]
[BlackClock "0:01:13"]

1. d4 d5 2. c4 c6 3. Nf3 Nf6 4. Nc3 dxc4 5. a4 e6 6. e3 c5 7. Bxc4 Nc6 8. O-O cxd4 9. exd4 Be7 10. Be3 O-O 11. Qe2 Nb4 12. Rfe1 b6 13. Bg5 Bb7 14. Rad1 Nbd5 15. Ne5 Rc8 16. Rd3 Nxc3 17. bxc3 Nd5 18. Bxe7 Qxe7 19. Rg3 f6 20. Ng4 Kh8 21. Bxd5 Bxd5 22. Ne3 Qd7 23. Nxd5 exd5 24. Re3 Qxa4 25. h4 1-0


[Site "https://www.chess.com"]

[Event "Titled Tuesday Blitz May 11 2021"]
[White "Pakleza, Zbigniew"]
[Black "Kollars, Dmitrij"]
[WhiteFideId "1119290"]
[BlackFideId "12909572"]
[WhiteElo "2526"]
[BlackElo "2576"]
[Result "0-1"]
[Round "11"]
[TimeControl "180+1"]
[Date "2021.05.11"]
[WhiteClock "0:00:12"]
[BlackClock "0:00:51"]

1. d4 Nf6 2. Nf3 d5 3. Bf4 c5 4. c3 Nc6 5. e3 Qb6 6. Qb3 c4 7. Qxb6 axb6 8. Na3 Bf5 9. Nb5 Ra5 10. a4 e6 11. Be2 Be7 12. Bc7 Ra6 13. O-O Kd7 14. Ne5+ Nxe5 15. Bxe5 Bc2 16. Bd1 Bxd1 17. Rfxd1 Rc8 18. Ra2 Ne8 19. Rda1 f6 20. Bg3 Bd6 21. Kf1 Rca8 22. Ke2 Bxg3 23. hxg3 Nd6 24. Nxd6 Kxd6 25. g4 b5 26. Kf3 Rxa4 27. Rxa4 Rxa4 28. Rb1 Kc6 29. e4 Ra2 30. exd5+ Kxd5 31. Kf4 h6 32. g3 Ra4 33. Ke3 b4 34. f3 b3 35. Kd2 Ra2 36. Ke3 b5 37. Kd2 b4 38. cxb4 Kxd4 39. f4 c3+ 0-1


[Site "https://www.chess.com"]

[Event "Titled Tuesday Blitz May 11 2021"]
[White "Pantsulaia, Levan"]
[Black "Sadhwani, Raunak"]
[WhiteFideId "13602071"]
[BlackFideId "35093487"]
[WhiteElo "2530"]
[BlackElo "2514"]
[Result "1-0"]
[Round "11"]
[TimeControl "180+1"]
[Date "2021.05.11"]
[WhiteClock "0:00:11"]
[BlackClock "0:00:06"]

1. g3 e5 2. Bg2 d5 3. c4 d4 4. d3 Nc6 5. Nf3 Bc5 6. O-O Nge7 7. Na3 O-O 8. Nc2 a5 9. b3 Ng6 10. a3 Qe7 11. Rb1 Bf5 12. Qd2 e4 13. Nfe1 Rad8 14. b4 axb4 15. axb4 Ba7 16. Ba3 Nce5 17. b5 Bc5 18. Bxc5 Qxc5 19. dxe4 Nxc4 20. Qb4 Qxb4 21. Rxb4 Bg4 22. Rxc4 Bxe2 23. Rxc7 d3 24. Nxd3 Bxd3 25. Re1 Rc8 26. b6 Rxc7 27. bxc7 Rc8 28. Nb4 Bc4 29. Nd5 Bxd5 30. exd5 Rxc7 31. Bh3 Re7 32. Rc1 Re8 33. d6 Rd8 34. d7 Kf8 35. f4 Ne7 36. Rc7 f5 37. Rxb7 Kf7 38. Bf1 Ke6 39. Bc4+ Kd6 40. Bb5 h6 41. Rb6+ Kc5 42. Re6 Nd5 43. Ba4 Nc3 44. Re8 1-0


[Site "https://www.chess.com"]

[Event "Titled Tuesday Blitz May 11 2021"]
[White "Petriashvili, Nikoloz"]
[Black "Ivanisevic, Ivan"]
[WhiteFideId "13611216"]
[BlackFideId "912417"]
[WhiteElo "2430"]
[BlackElo "2499"]
[Result "1-0"]
[Round "11"]
[TimeControl "180+1"]
[Date "2021.05.11"]
[WhiteClock "0:00:31"]
[BlackClock "0:00:03"]

1. e4 c5 2. Nf3 Nc6 3. Bb5 g5 4. Nxg5 Nf6 5. d3 Nd4 6. Bc4 d5 7. exd5 b5 8. Bb3 Rg8 9. O-O h6 10. Ne4 Nxe4 11. dxe4 Bh3 12. g3 Bg7 13. c3 c4 14. cxd4 cxb3 15. Re1 bxa2 16. Rxa2 Qb6 17. Be3 Rc8 18. Nc3 Kf8 19. e5 Qb7 20. Qb3 a6 21. Rea1 b4 22. Ne4 Qd7 23. d6 exd6 24. Nxd6 Rd8 25. Rxa6 Qe6 26. Qxb4 Bxe5 27. dxe5 Kg7 28. Qf4 Kh7 29. Ra7 Rg7 30. Ne4 1-0


[Site "https://www.chess.com"]